 Dungeon Crawl Stone Soup version 0.31.0-1-g2c135a008e (webtiles) character file.

Game seed: 9261319759804017535

299 qw the Shooter (level 6, -6/47 HPs)
             Began as a Djinni Hunter on Jan 23, 2024.
             Mangled by an iguana (11 damage)
             ... on level 4 of the Dungeon.
             The game lasted 00:00:13 (3654 turns).

qw the Shooter (Djinni Hunter)                      Turns: 3654, Time: 00:00:14

Health: -6/47      AC:  4    Str: 10    XL:     6   Next: 63%
Gold:   117        EV: 13    Int: 11    God:
                   SH:  0    Dex: 18

rFire   + + +        a - +0 shortbow
rCold   x . .        (shield currently unavailable)
rNeg    . . .        i - +0 leather armour {rF+}
rPois   inf          c - +0 helmet
rElec   .            (no cloak)
rCorr   .            (no gloves)
SInv    .            (boots unavailable)
Will    .....        (no amulet)
Stlth   ++           (no ring)
HPRegen 0.27/turn    (no ring)
MPRegen 0.00/turn

%: infuse magic (-7 HP)
@: about to teleport, flying
A: sickness immunity, fire resistance 2, cold vulnerability 1, float, innate
caster, HP casting, extra vitality 1
a: no special abilities


You were on level 4 of the Dungeon.
You visited 1 branch of the dungeon, and saw 4 of its levels.

You collected 147 gold pieces.
You spent 30 gold pieces at shops.


Innate Abilities, Weirdness & Mutations

You are immune to sickness and miasma.
You are immune to poison.
Your flesh is very heat resistant. (rF++)
You are vulnerable to cold. (rC-)
You float through the air rather than walking.
You learn spells naturally, not from books.
Your magical power is your life essence.
You have superior vitality. (+4 MHP)


   Skills:
 - Level 4.0 Fighting
 + Level 5.0 Ranged Weapons
 - Level 1.0 Armour
 - Level 3.1 Dodging
 - Level 0.7 Stealth


You knew the following spells:

 Your Spells              Type           Power      Damage    Failure   Level
a - Freeze                Ice            0%         1d3       43%         1
b - Blink                 Tloc           0%         N/A       58%         2
Your spell library was empty.

Inventory:

Hand Weapons
 a - a +0 shortbow (weapon)
Armour
 c - a +0 helmet (worn)
 d - a +0 ring mail
 i - a +0 leather armour of fire resistance (worn)
Wands
 b - a wand of flame (13)
 j - a wand of roots (5)
Scrolls
 f - 2 scrolls of teleportation
Potions
 e - a potion of cancellation
 g - a potion of heal wounds {unknown}
 h - 2 potions of curing
 k - a potion of magic {unknown}
 l - a potion of lignification {unknown}
 m - a potion of haste

Dungeon Overview and Level Annotations

Branches:
Dungeon (4/15)
 Temple: D:4-7

Altars:

Shops:
D:1 =**=


Message History

You shoot an arrow.
The arrow hits the adder but does no damage.
The adder is heavily wounded.
The adder barely misses you. The adder bites you but does no damage.
You shoot an arrow. The arrow hits the adder!
You kill the adder!
Your Fighting skill increases to level 4!
You start resting.
HP restored.
f - 3 scrolls of teleportation (gained 1)
An iguana comes into view.
The iguana moves out of view.
l - a viscous dark potion An iguana is nearby!
You shoot an arrow.
The arrow hits the iguana but does no damage.
You shoot an arrow.
The arrow hits the iguana but does no damage.
You shoot an arrow. The arrow hits the iguana!
The iguana is moderately wounded.
The iguana bites you!
You shoot an arrow. The arrow hits the iguana.
The iguana is heavily wounded.
The iguana bites you. The iguana bites you!
You shoot an arrow. The arrow barely misses the iguana.
The iguana closely misses you.
You shoot an arrow. The arrow hits the iguana.
The iguana is heavily wounded.
The iguana bites you!
You shoot an arrow. The arrow closely misses the iguana.
The iguana closely misses you.
You shoot an arrow. The arrow closely misses the iguana.
The iguana bites you!
3653 ||| READING 3 scrolls of teleportation.
As you read the scroll of teleportation, it crumbles to dust.
You feel strangely unstable. The iguana misses you.
You shoot an arrow. The arrow closely misses the iguana.
The iguana bites you. The iguana bites you!
You die...

#.........#.#...# .
#.........#...### .
#...............# ..
#...............# ..
###.......#......#
.#.#.........#......#
..............#......#
#...#.##.######......#
#.....l@.# ####.###
#####.#### .# # .#


You could see an iguana.

Vanquished Creatures
  A phantom (D:4)
  An iguana (D:4)
  An orc wizard (D:3)
  Robin (D:2)
  A gnoll (D:3)
  3 adders
  6 dart slugs
  7 orcs (D:3)
  12 endoplasms
  A giant cockroach (D:3)
  15 goblins
  9 hobgoblins
  13 jackals
  6 quokkas
  7 ball pythons
  A bat (D:3)
  3 frilled lizards
  3 kobolds
  6 rats
97 creatures vanquished.

Notes
Turn   | Place    | Note
-------+----------+-------------------------------------------
     0 | D:1      | qw the Djinni Hunter began the quest for the Orb.
     0 | D:1      | Reached XP level 1. HP: 18/18 MP: 0/0
     0 | D:1      | 0 ||| qw: Version: 0.3-a-136-gdd3b4e8
     0 | D:1      | 0 ||| qw: Game counter: 1004
     0 | D:1      | 0 ||| qw: Melee chars always use a shield: true
     0 | D:1      | 0 ||| qw: God list: Okawaru
     0 | D:1      | 0 ||| qw: Allow faded altars: false
     0 | D:1      | 0 ||| qw: Do Orc after clearing Dungeon:15 true
     0 | D:1      | 0 ||| qw: Do second Lair branch before Depths: true
     0 | D:1      | 0 ||| qw: Lair rune preference: random
     0 | D:1      | 0 ||| qw: Goals: Normal
     0 | D:1      | 0 ||| PLANNING D:1-11
    13 | D:1      | Found Oxosh's General Store.
    18 | D:1      | 18 ||| SHOPLISTING potion of enlightenment (60 gold, have
                  | 0).
    18 | D:1      | 18 ||| SHOPLISTING potion of heal wounds (60 gold, have 0).
    18 | D:1      | 18 ||| SHOPLISTING potion of mutation (96 gold, have 0).
    18 | D:1      | 18 ||| SHOPLISTING scroll of identify (24 gold, have 0).
    20 | D:1      | Found Fiys Oda's Jewellery Boutique.
    24 | D:1      | 24 ||| SHOPLISTING +6 ring of strength (432 gold, have 0).
    24 | D:1      | 24 ||| SHOPLISTING amulet of regeneration (360 gold, have
                  | 0).
    24 | D:1      | 24 ||| SHOPLISTING ring of Jeomir {rF+ Str+6 Dex-2 Stlth+}
                  | (583 gold, have 0).
    24 | D:1      | 24 ||| SHOPLISTING ring of protection from cold (300 gold,
                  | have 0).
   141 | D:1      | HP: 4/18 [jackal (1)]
   143 | D:1      | Reached XP level 2. HP: 5/23 MP: 0/0
   274 | D:1      | Found Moudigia's Jewellery Emporium.
   278 | D:1      | 278 ||| SHOPLISTING ring of fire (300 gold, have 22).
   278 | D:1      | 278 ||| SHOPLISTING ring of positive energy (240 gold, have
                  | 22).
   278 | D:1      | 278 ||| SHOPLISTING ring of protection from fire (300 gold,
                  | have 22).
   278 | D:1      | 278 ||| SHOPLISTING ring of resist corrosion (240 gold,
                  | have 22).
   278 | D:1      | 278 ||| SHOPLISTING ring of see invisible (180 gold, have
                  | 22).
   801 | D:1      | Found Lifutt's General Store.
   809 | D:1      | 809 ||| SHOPLISTING +0 ring mail of fire resistance (110
                  | gold, have 52).
   809 | D:1      | 809 ||| BUYING scroll of teleportation (30 gold).
   809 | D:1      | Bought a scroll of teleportation for 30 gold pieces
  1102 | D:1      | 1102 ||| UPGRADING to +0 ring mail.
  1112 | D:1      | 1112 ||| DROPPING +0 leather armour.
  1113 | D:1      | 1113 ||| DRINKING 2 green potions.
  1114 | D:1      | 1114 ||| DROPPING scroll of butterflies.
  1182 | D:2      | Reached skill level 4 in Ranged Weapons
  1182 | D:2      | Reached XP level 3. HP: 28/28 MP: 0/0
  1182 | D:2      | Learned a level 1 spell: Freeze
  1191 | D:2      | 1191 ||| FLEEEEING.
  1192 | D:2      | 1192 ||| FLEEEEING.
  1193 | D:2      | 1193 ||| FLEEEEING.
  1223 | D:2      | Reached skill level 1 in Armour
  1478 | D:2      | Reached XP level 4. HP: 34/34 MP: 0/0
  1495 | D:2      | Reached skill level 3 in Fighting
  1504 | D:2      | Noticed Robin
  1515 | D:2      | Killed Robin
  1838 | D:2      | 1838 ||| UPGRADING to +0 helmet.
  1843 | D:2      | 1843 ||| READING scroll labelled QOXTUI JAZITZ.
  1844 | D:2      | 1844 ||| DRINKING 2 viscous yellow potions.
  2057 | D:3      | Reached XP level 5. HP: 39/40 MP: 0/0
  2057 | D:3      | Learned a level 2 spell: Blink
  2246 | D:3      | You are sucked into a shaft and drop 1 floor!
  2248 | D:4      | 2248 ||| UPGRADING to +0 leather armour of fire resistance.
  2258 | D:4      | 2258 ||| READING scroll labelled QOGGOW DOBEWNU.
  2406 | D:3      | Reached skill level 3 in Dodging
  2770 | D:3      | Found a faded altar of an unknown god.
  3105 | D:3      | 3105 ||| READING scroll labelled MIEWACK RYOBRO.
  3105 | D:3      | 3105 ||| IDENTIFYING lumpy purple potion
  3106 | D:3      | 3106 ||| DRINKING 2 puce potions.
  3107 | D:3      | 3107 ||| DROPPING potion of degeneration.
  3176 | D:4      | Reached XP level 6. HP: 35/46 MP: 0/0
  3402 | D:4      | Reached skill level 5 in Ranged Weapons
  3652 | D:4      | HP: 8/47 [iguana (7)]
  3653 | D:4      | 3653 ||| READING 3 scrolls of teleportation.
  3654 | D:4      | Mangled by an iguana

Levels and vault maps discovered:
D:1:      ncdulo_lavacross, layout_basic, serial_shops,
          nicolae_shop_tiny_statue_garden, shop, shop, shop
D:2:      layout_loops_ring, uniq_robin
D:3:      layout_loops_corners, dreamdust_ecumenical_altar_hidden_monk_grotto,
          dk_noncrumbling_2, roderic_cross_of_infinity,
          minmay_fractal_squares_gapless_5
D:4:      layout_basic

Skill      XL: |  1  2  3  4  5  6 |
---------------+-------------------+-----
Ranged Weapons | 4 5 |  5.0
Armour         | 1 |  1.0
Fighting       | 3 4 |  4.0
Dodging        | 3 |  3.1
Stealth        | |  0.7

Action                     |  1- 3 |  4- 6 || total
---------------------------+-------+-------++-------
   Fire: Shortbow          |    93 |   241 ||   334
    Use: Potion            |     1 |     2 ||     3
         Scroll            |       |     4 ||     4
 Armour: Leather armour    |    21 |    59 ||    80
         Ring mail         |    17 |    32 ||    49
  Dodge: Dodged            |    46 |   104 ||   150

Table legend:
 A = Non-vault XP
 B = Vault XP
 C = Vault XP percentage of total XP
 D = Non-vault monster count
 E = Vault monster count
 F = Vault count percentage of total count
                 A         B        C        D         E       F
            +---------+---------+-------+---------+---------+-------
      Total |     366 |      62 |  14.5 |      79 |      18 |  18.6
            +---------+---------+-------+---------+---------+-------
        D:1 |      26 |       0 |   0.0 |      12 |       0 |   0.0
        D:2 |      62 |      38 |  38.0 |      24 |      13 |  35.1
        D:3 |      92 |      24 |  20.7 |      30 |       5 |  14.3
        D:4 |     186 |       0 |   0.0 |      13 |       0 |   0.0
            +---------+---------+-------+---------+---------+-------
